 Dungeon Crawl Stone Soup version 0.28-a0-97-g102d6777a4 (webtiles) character file.

Game seed: 10666403716498448690

119 lunkers the Magician (level 5, -3/39 HPs)
             Began as a Djinni Earth Elementalist on Aug 9, 2021.
             Shot with a stone by a goblin (4 damage)
             ... on level 3 of the Dungeon.
             The game lasted 00:05:56 (2318 turns).

lunkers the Magician (Djinni Earth Elementalist)    Turns: 2318, Time: 00:05:56

Health: -3/39      AC:  3    Str:  7    XL:     5   Next: 23%
Gold:   88         EV: 12    Int: 18    God:
                   SH:  0    Dex: 13

rFire   + + .      SeeInvis .   a - +0 short sword (venom)
rCold   x . .      Faith    .   (no shield)
rNeg    . . .      Spirit   .   b - +0 robe
rPois   ∞          Reflect  .   (no helmet)
rElec   .          Harm     .   e - +0 cloak
rCorr   .          Rampage  .   (no gloves)
Will    .....                   (boots unavailable)
Stlth   ++........              (no amulet)
HPRegen 0.13/turn               (no ring)
MPRegen 0.00/turn               (no ring)

@: flying
A: sickness immunity, fire resistance 2, cold vulnerability 1, float, innate
caster, hp casting, extra vitality 1
a: no special abilities


You were on level 3 of the Dungeon.
You visited 1 branch of the dungeon, and saw 3 of its levels.

You collected 88 gold pieces.

Inventory:

Hand Weapons
 a - a +0 short sword of venom (weapon)
Missiles
 c - 52 stones
Armour
 b - a +0 robe (worn)
 e - a +0 cloak (worn)
Scrolls
 f - a scroll of magic mapping {unknown}
 g - a scroll of torment {unknown}
 h - a scroll of silence {unknown}
 i - 2 scrolls of identify {unknown}
 k - a scroll of blinking {unknown}
 l - a scroll of enchant armour {unknown}
Potions
 d - a potion of resistance {unknown}
 j - a potion of curing {unknown}
 m - a potion of lignification {unknown}
 n - a potion of degeneration {unknown}


   Skills:
 + Level 2.3 Fighting
 - Level 2.1 Dodging
 - Level 1.5 Stealth
 * Level 3.8 Spellcasting


You couldn't memorise any spells.
You knew the following spells:

 Your Spells              Type           Power      Damage    Failure   Level
a - Sandblast             Erth           34%        2d9       3%          1
b - Passwall              Tmut/Erth      14%        N/A       4%          2
c - Stone Arrow           Conj/Erth      34%        3d9       10%         3
d - Petrify               Tmut/Erth      17%        N/A       30%         4
e - Apportation           Tloc           34%        N/A       3%          1
f - Call Imp              Summ           17%        N/A       4%          2
Your spell library was empty.

Dungeon Overview and Level Annotations

Branches:
Dungeon (3/15)

Altars:
Sif Muna


Innate Abilities, Weirdness & Mutations

You are immune to sickness and miasma.
You are immune to poison.
Your flesh is very heat resistant. (rF++)
You are vulnerable to cold. (rC-)
You float through the air rather than walking.
You learn spells naturally, not from books.
Your magical power is your life essence.
You have superior vitality. (+4 HP)


Message History

* * * LOW HITPOINT WARNING * * *
You completely miss the bat. The bat barely misses you.
The goblin closely misses you. The quokka bites you.
* * * LOW HITPOINT WARNING * * *
The goblin misses you. The iguana bites you.
* * * LOW HITPOINT WARNING * * *
The bat hits you but does no damage.
The quokka bites you but does no damage.
The iguana completely misses you. The goblin hits you but does no damage.
The bat hits you but does no damage. The bat misses you.
The goblin hits you but does no damage. The bat closely misses you.
The goblin hits you with a +0 dagger.
* * * LOW HITPOINT WARNING * * *
The bat hits you but does no damage. The bat hits you but does no damage.
The bat barely misses you. The bat barely misses you.
The bat hits you but does no damage. The bat barely misses you.
The bat hits you but does no damage.
Casting: Sandblast (safe; 3% risk of failure)
Confirm with . or Enter, or press ? or * to list all spells.
Aiming: Sandblast (safe; 3% risk of failure)
Press: ? - help, Shift-Dir - straight line, f/p - quokka
Aim: a quokka (71% to hit)
The blast of sand hits the bat!
You kill the bat!
* * * LOW HITPOINT WARNING * * *
The quokka bites you.
* * * LOW HITPOINT WARNING * * *
Casting: Sandblast (safe; 3% risk of failure)
Confirm with . or Enter, or press ? or * to list all spells.
Aiming: Sandblast (safe; 3% risk of failure)
Press: ? - help, Shift-Dir - straight line, f/p - quokka
Aim: a quokka (71% to hit)
The blast of sand hits the quokka!
You kill the quokka!
* * * LOW HITPOINT WARNING * * *
The goblin shoots a stone.
The stone hits you but does no damage.
Unknown command.
The goblin shoots a stone.
The stone hits you.
You die...

#### .).### #...#
########## #..
#.#≈#....##############..
#.#≈#.......ggl..†.......
#.#≈#...@##############.#
#..≈.....# ########## #.#
#..≈.....###......... ..#
##.≈.###.......##### ####
##≈## #.####...### # #≈#
#..###.....## ## ###
##..##...#..# ##.
##.##...##.####..
#.##...##......#


You could see an iguana and 2 goblins.

Vanquished Creatures
  An orc priest (D:3)
  4 gnolls (D:2)
  An adder (D:3)
  A worm (D:2)
  3 orcs
  A ball python (D:2)
  3 endoplasms (D:2)
  3 giant cockroaches
  A goblin (D:2)
  A hobgoblin (D:3)
  A quokka (D:3)
  8 bats
  5 frilled lizards
  A kobold (D:1)
  6 rats
40 creatures vanquished.

Notes
Turn   | Place    | Note
-------+----------+-------------------------------------------
     0 | D:1      | lunkers the Djinni Earth Elementalist began the quest for
                  | the Orb.
     0 | D:1      | Reached XP level 1. HP: 15/15 MP: 0/0
    63 | D:1      | Found a faded altar of an unknown god.
   684 | D:2      | Reached XP level 2. HP: 21/22 MP: 0/0
   739 | D:2      | Reached skill level 1 in Fighting
   781 | D:2      | Reached skill level 3 in Spellcasting
   781 | D:2      | Reached XP level 3. HP: 25/27 MP: 0/0
   781 | D:2      | Learned a level 1 spell: Apportation
   788 | D:2      | Reached XP level 4. HP: 18/33 MP: 0/0
  1994 | D:3      | Reached XP level 5. HP: 36/38 MP: 0/0
  1994 | D:3      | Learned a level 2 spell: Call Imp
  2314 | D:3      | HP: 1/39 [quokka (2)]
  2318 | D:3      | Shot with a stone by a goblin

Illustrated notes

Levels and vault maps discovered:
D:1:      dpeg_arrival_stonehenge_8_columns, layout_rooms,
          shapermc_ecumenical_altar_mp_ritualfount
D:2:      layout_rooms, basic_altar
D:3:      layout_rooms, gammafunk_ghost_cemetery, serial_rivers,
          chequers_serial_rivers_micro_a, chequers_serial_rivers_micro_b,
          chequers_serial_rivers_small_b, chequers_serial_rivers_micro_a

Skill      XL: |  1  2  3  4 |
---------------+-------------+-----
Fighting       | 1 2 |  2.3
Spellcasting   | 3 |  3.8
Dodging        | |  2.1
Stealth        | |  1.5

Action                   |  1- 3 |  4- 6 || total
-------------------------+-------+-------++-------
Melee: Short sword       |     2 |    51 ||    53
 Cast: Sandblast         |    25 |    20 ||    45
 Stab: Sleeping          |       |     3 ||     3
Armor: Robe              |     5 |    23 ||    28
Dodge: Dodged            |    11 |    63 ||    74

Table legend: (Time is in decaauts)
 A = Elapsed time spent in this place.
 B = Non-inter-level travel time spent in this place.
 C = Inter-level travel time spent in this place.
 D = Time resting spent in this place.
 E = Time spent auto-exploring this place.
 F = Levels seen in this place.
 G = Mean time per level.
                   A        B        C        D        E       F      G
               +--------+--------+--------+--------+--------+-----+--------+
         Total |   2326 |   2263 |     63 |    477 |   1337 |   3 |  775.3 |
       Dungeon |   2326 |   2263 |     63 |    477 |   1337 |   3 |  775.3 |
               +--------+--------+--------+--------+--------+-----+--------+

Top non-repeatable levels by time:
     D:2: 1285 daAuts
     D:1: 696 daAuts
     D:3: 344 daAuts
